 Dungeon Crawl Stone Soup version 0.25.1-8-g42b30a86e7 (webtiles) character file.

Game seed: 15766610130227921772

22 growler the Gusty (level 2, -4/15 HPs)
             Began as a Tengu Air Elementalist on Dec 15, 2020.
             Slain by a worm (11 damage)
             ... on level 2 of the Dungeon.
             The game lasted 00:02:28 (958 turns).

growler the Gusty (Tengu Air Elementalist)           Turns: 958, Time: 00:02:29

Health: -4/15      AC:  2    Str:  8    XL:     2   Next: 91%
Magic:  1/6        EV: 12    Int: 15    God:
Gold:   4          SH:  0    Dex: 14    Spells: 2/5 levels left

rFire    . . .     SeeInvis .   (no weapon)
rCold    . . .     Gourm    .   (no shield)
rNeg     . . .     Faith    .   a - +0 robe
rPois    .         Spirit   .   (helmet restricted)
rElec    .         Reflect  .   (no cloak)
rCorr    .         Harm     .   (no gloves)
MR       .....                  (boots unavailable)
Stlth    ++........             (no amulet)
HPRegen  0.05/turn              (no ring)
MPRegen  0.10/turn              (no ring)

@: very slightly contaminated
A: beak, talons 3
a: no special abilities


You were on level 2 of the Dungeon.
You were not hungry.

You visited 1 branch of the dungeon, and saw 2 of its levels.

You collected 4 gold pieces.

Inventory:

Armour
 a - a +0 robe (worn)
Scrolls
 c - 2 scrolls of identify {unknown}
 d - a scroll of enchant weapon {unknown}
 g - a scroll of remove curse {unknown}
Potions
 f - a potion of mutation {unknown}
Comestibles
 b - 2 chunks of flesh
 e - 3 rations {!d}


   Skills:
 - Level 2.1 Dodging
 - Level 2.0 Stealth
 - Level 2.0 Spellcasting
 + Level 2.7 Conjurations
 + Level 4.7 Air Magic


You had 2 spell levels left.
You knew the following spells:

 Your Spells              Type           Power        Failure   Level  Hunger
a - Shock                 Conj/Air       ##..         4%          1    #......
s - Swiftness             Chrm/Air       #.......     13%         2    ###....

Your spell library contained the following spells:

 Spells                   Type           Power        Failure   Level  Hunger
 Static Discharge         Conj/Air       ##......     14%         3    ###....
 Airstrike                Air            ###.......   30%         4    #####..
 Lightning Bolt           Conj/Air       ##........   78%         5    ######.


Dungeon Overview and Level Annotations

Branches:
Dungeon (2/15)

Altars:


Innate Abilities, Weirdness & Mutations

You have a beak for a mouth.
You have claws for feet.


Message History

A bat comes into view.
The bat moves out of view.
The bat is too close now for your liking.
A bat is nearby!
Aim: a bat The zap hits the bat.
The bat misses you.
Aim: a bat (heavily wounded)
The zap misses the bat.
The bat completely misses you. The bat closely misses you.
The bat hits you but does no damage. The bat closely misses you.
The bat hits you but does no damage.
You barely miss the bat. You peck the bat. The bat closely misses you.
The bat misses you. The bat hits you. The bat barely misses you.
The bat completely misses you. The bat barely misses you. The bat misses you.
Some of the chunks of flesh in your inventory have rotted away.
You see here a scroll labeled FIAHITS SOUR.
You hit the bat. You peck the bat, but do no damage.
The bat hits you but does no damage. The bat closely misses you.
A worm comes into view.
The bat closely misses you.
You hit the bat but do no damage. The bat hits you but does no damage.
You closely miss the bat. The bat hits you but does no damage.
The worm bites you! The bat hits you but does no damage.
The bat barely misses you. The bat misses you. The bat hits you.
* * * LOW HITPOINT WARNING * * *
The bat barely misses you. The bat closely misses you.
The bat closely misses you. The bat hits you.
* * * LOW HITPOINT WARNING * * *
Aim: a bat (moderately wounded)
The zap hits the bat.
You kill the bat!
The zap hits the worm. x2
You miscast Shock.
You are very lightly contaminated with residual magic.
Nothing appears to happen.
The zap hits the worm. x2
The worm barely misses you.
The zap hits the worm. x2
The zap hits the worm. x2; The worm bites you!
Ouch! That really hurt!
You die...

...# ...# #..###
#....### # ...... .
#.##.# .#
####<##.## ##.#
#........###...##..
#..w@...?..........
#..................
#.......##.#.......
#.....†....#.#.....
#.......##...# ...#
#.......##.#... #..
#.....).#...... .
#............##
######..##....


You could see a worm.

Vanquished Creatures
  A dart slug (D:1)
  A ball python (D:1)
  4 bats
  A giant cockroach (D:1)
  2 goblins
  2 hobgoblins (D:1)
  3 kobolds (D:1)
  A frilled lizard (D:1)
  3 rats (D:1)
18 creatures vanquished.

Notes
Turn   | Place    | Note
-------+----------+-------------------------------------------
     0 | D:1      | growler the Tengu Air Elementalist began the quest for the
                  | Orb.
     0 | D:1      | Reached XP level 1. HP: 10/10 MP: 4/4
   346 | D:1      | Reached XP level 2. HP: 15/15 MP: 1/6
   538 | D:1      | Learned a level 2 spell: Swiftness
   958 | D:2      | Slain by a worm

Illustrated notes

Levels and vault maps discovered:
D:1:      minmay_arrival_stair_chambers, layout_basic
D:2:      minmay_spotlight, layout_rooms, zin_statuary,
          makhleb_altar_promises_db

Skill      XL: |  1 |
---------------+----+-----
Conjurations   | 2 |  2.7
Dodging        | |  2.1
Stealth        | |  2.0
Spellcasting   | |  2.0
Air Magic      | |  4.7

Action                   || total
-------------------------++-------
Melee: Unarmed           ||    18
       Kick              ||     3
       Peck              ||     3
 Cast: Shock             ||    38
  Eat: Chunk             ||     1
Armor: Robe              ||     8
Dodge: Dodged            ||    29
